 Dungeon Crawl Stone Soup version 0.15.2 (webtiles) character file.

69 theanonym the Slasher (level 4, 0/31 HPs)
             Began as a High Elf Death Knight on Dec 6, 2018.
             Was a Follower of Yredelemnul.
             Succumbed to a kobold's poison
             ... on Level 2 of the Dungeon.
             The game lasted 00:02:19 (1311 turns).

theanonym the Slasher (High Elf Death Knight)       Turns: 1311, Time: 00:02:19

HP   0/31        AC  4     Str 18      XL: 4   Next:  2%
MP   9/9         EV 11     Int 14      God: Yredelemnul [*.....]
Gold 23          SH  0     Dex 15      Spells:  0 memorised,  3 levels left

rFire  . . .     SeeInvis .     a - +1 falchion
rCold  . . .     Clarity  .     b - +0 leather armour
rNeg   . . .     rCorr    .     (no shield)
rPois  .         rRot     .     m - +0 helmet
rElec  .         Spirit   .     (no cloak)
SustAb .         Warding  .     (no gloves)
rMut   .         Stasis   .     (no boots)
Gourm  .                        (no amulet)
MR     .....                    (no ring)
                                (no ring)

@: mighty, lethally poisoned, not resistant to hostile enchantments, very
unstealthy
A: no striking features
a: Animate Remains, Renounce Religion


   Skills:
 + Level 3.2 Fighting
 * Level 4.2 Long Blades
 - Level 0.8 Armour
 - Level 1.1 Dodging
 - Level 3.0 Invocations


You had 3 spell levels left.
You didn't know any spells.

Action                   |  1- 3 |  4- 6 || total
-------------------------+-------+-------++-------
Melee: Falchion          |    84 |     2 ||    86
Invok: Animate Remains   |    10 |       ||    10
  Use: Potion            |     2 |     2 ||     4
  Eat: Chunk             |     1 |       ||     1

Inventory:

Hand weapons
 a - a +1 falchion (weapon)
Armour
 b - a +0 leather armour (worn)
 m - a +0 helmet (worn)
   (You found it on level 1 of the Dungeon)
Comestibles
 c - a bread ration
 f - a meat ration
Scrolls
 d - 2 scrolls of identify {unknown}
 e - a scroll of blinking {unknown}
 g - a scroll of fog {unknown}
 i - a scroll of fear {unknown}
 j - a scroll of amnesia {unknown}


You were on level 2 of the Dungeon.
You worshipped Yredelemnul.
Yredelemnul was aware of your devotion.
You were very hungry.

You visited 1 branch of the dungeon, and saw 2 of its levels.

You collected 23 gold pieces.

Dungeon Overview and Level Annotations

Branches:
Dungeon (2/15)

Altars:

#.#..##(##..#
#<#.........#
#.##.##(##[.####.
#.##..)((.........
..##....)%..#...
...#........#.#
###.%.....Z....#####
###...............
#......@########
#......!# #########


You could see a friendly adder zombie.

Notes
Turn   | Place    | Note
--------------------------------------------------------------
     0 | D:1      | theanonym, the High Elf Death Knight, began the quest for the Orb.
     0 | D:1      | Reached XP level 1. HP: 14/14 MP: 3/3
   280 | D:1      | Reached XP level 2. HP: 16/20 MP: 4/4
   369 | D:1      | Reached skill level 3 in Long Blades
   989 | D:1      | HP: 8/20 [gnoll/club (4)]
   990 | D:1      | Reached XP level 3. HP: 10/25 MP: 7/7
  1271 | D:2      | Reached skill level 3 in Fighting
  1274 | D:2      | Reached skill level 4 in Long Blades
  1291 | D:2      | HP: 12/26 [poisoned by a kobold]
  1294 | D:2      | Reached XP level 4. HP: 25/31 MP: 9/9
  1296 | D:2      | HP: 12/31 [poisoned by a kobold]
  1302 | D:2      | HP: 15/31 [poisoned by a kobold]
  1307 | D:2      | HP: 6/31 [poisoned by a kobold]
  1310 | D:2      | HP: 2/31 [poisoned by a kobold]
  1311 | D:2      | Succumbed to a kobold's poison

Vanquished Creatures
  A gnoll (D:1)
  3 adders (D:2)
  An ooze (D:1)
  7 bats
  A giant cockroach (D:1)
  2 goblins (D:1)
  4 hobgoblins (D:1)
  A ball python (D:1)
  7 kobolds
  3 rats (D:1)
30 creatures vanquished.

Vanquished Creatures (collateral kills)
  A hobgoblin (D:1)
  A kobold (D:2)
  A ball python (D:1)
  A goblin (D:1)
  A rat (D:1)
5 creatures vanquished.

Vanquished Creatures (others)
  A bat zombie (D:2)
1 creature vanquished.

Grand Total: 36 creatures vanquished

Table legend:
 A = Turns spent in this place as a percentage of turns spent in the entire game.
 B = Non-inter-level travel turns spent in this place as a percentage of non-inter-level travel turns spent in the entire game.
 C = Inter-level travel turns spent in this place as a percentage of turns spent in this place.
 D = Turns resting spent in this place as a percentage of non-inter-level travel turns spent in this place.
 E = Turns spent auto-exploring this place as a percentage of non-inter-level travel turns spent in this place.
 F = Non-inter-level travel turns spent in this place divided by the number of levels of this place that you've seen.
                   A       B       C       D       E      F
               +-------+-------+-------+-------+-------+----------------------
         Total | 100.0 | 100.0 |   0.5 |   3.8 |  11.3 | 212.0
       Dungeon | 100.0 | 100.0 |   0.5 |   3.8 |  11.3 | 212.0
               +-------+-------+-------+-------+-------+----------------------
